 Dungeon Crawl Stone Soup version 0.26.0-10-g1f06aea511 (webtiles) character file.

Game seed: 10973592351645830349

344 Arzdou the Chopper (level 6, 0/56 HPs)
             Began as a Minotaur Fighter on Jan 23, 2021.
             Succumbed to a scorpion's poison
             ... on level 4 of the Dungeon.
             The game lasted 00:09:14 (3037 turns).

Arzdou the Chopper (Minotaur Fighter)               Turns: 3037, Time: 00:09:15

Health: 0/56       AC:  9    Str: 21    XL:     6   Next: 31%
Magic:  5/5        EV:  4    Int: 11    God:
Gold:   132        SH: 10    Dex: 11    Spells: 5/5 levels left

rFire    + . .     SeeInvis .   a - +0 war axe
rCold    + . .     Faith    .   c - +0 kite shield
rNeg     . . .     Spirit   .   e - +0 plate armour
rPois    .         Reflect  .   (helmet restricted)
rElec    .         Harm     .   (no cloak)
rCorr    .         Rampage  .   b - +0 pair of gloves
Will     .....                  h - +0 pair of boots
Stlth    ..........             (no amulet)
HPRegen  0.18/turn              o - +6 ring of intelligence
MPRegen  0.09/turn              (no ring)

@: mighty, lethally poisoned (0 -> -7)
A: retaliatory headbutt, horns 2, cold resistance 1, deformed body,
deterioration 1, fire resistance 1
a: no special abilities


You were on level 4 of the Dungeon.
You visited 1 branch of the dungeon, and saw 4 of its levels.

You collected 132 gold pieces.

Inventory:

Hand Weapons
 a - a +0 war axe (weapon)
Missiles
 t - 2 poisoned darts (quivered)
 u - an atropa-tipped dart
Armour
 b - a +0 pair of gloves (worn)
 c - a +0 kite shield (worn)
 e - a +0 plate armour (worn)
 h - a +0 pair of boots (worn)
Jewellery
 o - a +6 ring of intelligence (left hand)
Scrolls
 f - 3 scrolls of teleportation {unknown}
 k - a scroll of fog {unknown}
 m - 3 scrolls of identify {unknown}
 q - a scroll of noise {unknown}
 r - a scroll of magic mapping {unknown}
 s - a scroll of immolation {unknown}
 w - a scroll of random uselessness {unknown}
Potions
 d - 2 potions of might
 g - 3 potions of magic {unknown}
 i - a potion of degeneration {unknown}
 j - 2 potions of attraction {unknown}
 l - 2 potions of heal wounds {unknown}
 n - a potion of curing
 p - a potion of flight {unknown}


   Skills:
 + Level 5.0 Fighting
 * Level 5.1 Axes
 + Level 1.3 Throwing
 + Level 4.9 Armour
 + Level 5.0 Shields


You had 5 spell levels left.
You didn't know any spells.
Your spell library was empty.

Dungeon Overview and Level Annotations

Branches:
Dungeon (4/15)
 Temple: D:4-7

Altars:


Innate Abilities, Weirdness & Mutations

You reflexively headbutt those who attack you in melee.
You have a pair of horns on your head.
Your flesh is cold resistant. (rC+)
Armour fits poorly on your strangely shaped body.
Your body sometimes deteriorates upon taking damage.
Your flesh is heat resistant. (rF+)


Message History

You feel yourself wasting away.
You feel resistant to heat.
* * * LOW HITPOINT WARNING * * *
You feel sick. You block the scorpion's attack.
It was a potion of curing.
You feel better. The scorpion stings you.
* * * LOW HITPOINT WARNING * * *
Okay, then.
A scorpion is nearby!
You feel very mighty all of a sudden. The scorpion stings you.
* * * LOW HITPOINT WARNING * * *
You are lethally poisoned!
The scorpion poisons you!
You hit the scorpion.
The scorpion is almost dead.
* * * LOW HITPOINT WARNING * * *
You feel sick.
The scorpion stings you but does no damage.
You hit the scorpion.
You kill the scorpion!
You die...

#........^...#
#............
#..........#
#........##.#
#...........
##....[..# ##..?....?#
#.........##
#@#.......[....
######.#)......##.>#
#....).........# ..!
#.######....###### ##
#...≈########≈≈≈≈##
##≈≈≈≈### ###≈≈≈#####
###≈≈≈≈#####≈≈≈≈≈≈≈≈≈#
###≈≈≈≈≈≈≈≈≈#####≈≈≈
######≈≈≈### #≈≈#


There were no monsters in sight!

Vanquished Creatures
  An ogre (D:4)
  A scorpion (D:4)
  An orc priest (D:4)
  2 worker ants
  3 gnolls (D:3)
  7 adders
  A worm (D:4)
  A dart slug (D:1)
  14 orcs
  5 bats
  2 giant cockroaches
  12 goblins
  5 hobgoblins
  8 kobolds
  3 quokkas
  2 ball pythons
  6 frilled lizards
  7 rats
81 creatures vanquished.

Vanquished Creatures (others)
  7 plants (D:2)
7 creatures vanquished.

Grand Total: 88 creatures vanquished

Notes
Turn   | Place    | Note
-------+----------+-------------------------------------------
     0 | D:1      | Arzdou the Minotaur Fighter began the quest for the Orb.
     0 | D:1      | Reached XP level 1. HP: 19/19 MP: 0/0
   188 | D:1      | Reached XP level 2. HP: 27/27 MP: 1/1
   427 | D:1      | You fall into a shaft and drop 1 floor!
   522 | D:2      | Reached XP level 3. HP: 26/33 MP: 2/2
   823 | D:2      | Reached XP level 4. HP: 35/40 MP: 3/3
  2108 | D:3      | Reached XP level 5. HP: 32/47 MP: 4/4
  2970 | D:4      | Noticed an ogre
  2995 | D:4      | Killed an ogre
  2996 | D:4      | Reached skill level 1 in Throwing
  2996 | D:4      | Reached XP level 6. HP: 34/55 MP: 5/5
  3002 | D:4      | Reached skill level 5 in Fighting
  3002 | D:4      | Reached skill level 5 in Axes
  3002 | D:4      | Reached skill level 5 in Shields
  3033 | D:4      | Gained mutation: Armour fits poorly on your strangely
                  | shaped body. [potion of mutation]
  3033 | D:4      | Gained mutation: Your flesh is cold resistant. (rC+)
                  | [potion of mutation]
  3033 | D:4      | Gained mutation: Your body sometimes deteriorates upon
                  | taking damage. [potion of mutation]
  3033 | D:4      | Gained mutation: Your flesh is heat resistant. (rF+)
                  | [potion of mutation]
  3036 | D:4      | HP: 1/56 [poisoned by a scorpion]
  3037 | D:4      | Succumbed to a scorpion's poison

Illustrated notes

Levels and vault maps discovered:
D:1:      dpeg_arrival_pits, layout_loops_ring
D:2:      layout_loops_ring, serial_forest, infiniplex_forest_clump_large,
          infiniplex_forest_end_3, infiniplex_forest_clump_long,
          infiniplex_forest_straight_2, infiniplex_forest_end_1,
          infiniplex_forest_clump_diagonal, infiniplex_forest_split,
          infiniplex_forest_clump_small, infiniplex_forest_clump_curved,
          infiniplex_forest_clump_diagonal
D:3:      layout_loops_corners, skrybe_limestone_x
D:4:      layout_rooms, nzn_hepliaklqana_mist_gate, portal_sewer_entry_b,
          chequers_serial_rivers_large_b

Skill      XL: |  1  2  3  4  5  6 |
---------------+-------------------+-----
Axes           | 3 4 5 |  5.1
Fighting       | 4 5 |  5.0
Armour         | 4 |  4.9
Shields        | 4 5 |  5.0
Throwing       | 1 |  1.3

Action                   |  1- 3 |  4- 6 || total
-------------------------+-------+-------++-------
Melee: War axe           |    74 |   153 ||   227
       Headbutt          |     7 |    26 ||    33
Throw: Dart              |       |    18 ||    18
  Use: Potion            |       |     3 ||     3
Armor: Plate armour      |    41 |    79 ||   120
       Scale mail        |     2 |       ||     2
Dodge: Dodged            |    15 |    26 ||    41
Block: Kite shield       |    36 |    63 ||    99
